 Dungeon Crawl Stone Soup version 0.32-a0-540-g866d13106e (webtiles) character file.

Game seed: 1769547251608046823

5 adelrune the Vexing (level 1, -1/15 HPs)
             Began as a Coglin Hexslinger on Feb 28, 2024.
             Slain by an endoplasm (2 damage)
             ... on level 1 of the Dungeon.
             The game lasted 00:01:04 (138 turns).

adelrune the Vexing (Coglin Hexslinger)              Turns: 138, Time: 00:01:04

Health: -1/15      AC:  2    Str:  8    XL:     1   Next: 80%
Magic:  2/2        EV:  2    Int: 12    God:
Gold:   13         SH:  0    Dex: 16    Spells: 2/2 levels left

rFire   . . .        a - +1 sling {Fatehjeet}
rCold   . . .        (no shield)
rNeg    . . .        c - +0 robe
rPois   .            (no helmet)
rElec   .            (no cloak)
rCorr   .            (no gloves)
SInv    .            (no boots)
Will    .....        (no amulet)
Stlth   +            (ring unavailable)
HPRegen 0.22/turn    (ring unavailable)
MPRegen 0.08/turn

%: no passive effects
@: constricted, revved
A: off-hand wielding, slow wielding, warmup strikes, no rings
a: no special abilities


You were on level 1 of the Dungeon.
You visited 1 branch of the dungeon, and saw 1 of its levels.

You collected 13 gold pieces.

Inventory:

Hand Weapons
 a - a +1 sling (weapon) {Fatehjeet}
Armour
 c - a +0 robe (worn)
Scrolls
 b - a scroll of poison
 d - 3 scrolls of enchant weapon {unknown}
Potions
 e - a potion of enlightenment {unknown}
 f - a potion of lignification {unknown}


   Skills:
 + Level 1.1 Fighting
 * Level 2.0 Ranged Weapons
 + Level 1.9 Dodging
 - Level 1.0 Spellcasting
 + Level 2.7 Hexes
 - Level 0.8 Fire Magic


You had 2 spell levels left.
You didn't know any spells.
Your spell library contained the following spells:

 Spells                   Type           Power      Damage    Failure   Level
 Jinxbite                 Hex            14%        N/A       14%         2
 Sigil of Binding         Hex            7%         N/A       28%         3
 Inner Flame              Hex/Fire       4%         N/A       41%         3
 Cause Fear               Hex            3%         N/A       67%         4
 Dimensional Bullseye     Hex/Tloc       1%         N/A       86%         4


Dungeon Overview and Level Annotations

Branches:
Dungeon (1/15)

Altars:


Innate Abilities, Weirdness & Mutations

You can wield a second weapon in your off-hand.
It takes a long time for you to wield or remove held weapons.
Your first few attacks do less damage.
Your grasper-arms cannot wear rings.


Message History

You shoot a sling bullet.
The sling bullet barely misses the ball python.
A nearby fungus withers and dies.
You shoot a sling bullet.
The sling bullet closely misses the ball python.
The ball python misses you. x2; The ball python closely misses you.
You shoot a sling bullet. The sling bullet hits the ball python.
The ball python is severely wounded.
The ball python bites you but does no damage.
The ball python closely misses you. The ball python barely misses you.
The ball python misses you. The ball python closely misses you.
You shoot a sling bullet.
The sling bullet closely misses the ball python.
The ball python misses you. The ball python grabs you.
The ball python constricts you. The ball python barely misses you.
The ball python bites you. The ball python constricts you.
The ball python bites you but does no damage.
You shoot a sling bullet. The sling bullet hits the ball python.
The ball python is severely wounded.
The ball python barely misses you. The ball python constricts you.
The ball python bites you but does no damage.
You shoot a sling bullet. The sling bullet hits the ball python.
You kill the ball python!
The ball python bites you. The ball python closely misses you.
The ball python bites you.
* * * LOW HITPOINT WARNING * * *
The ball python grabs you. The ball python constricts you.
The endoplasm hits you.
* * * LOW HITPOINT WARNING * * *
You are too injured to fight recklessly!
You are too injured to fight recklessly!
You are too injured to fight recklessly!
You are too injured to fight recklessly!
You are too injured to fight recklessly!
Unknown command.
The ball python's grasp on you weakens, but your attempt to escape fails.
The ball python bites you.
* * * LOW HITPOINT WARNING * * *
The ball python constricts you. The endoplasm hits you.
You die...

#### #####
.... .... ...J
...
###.###K###
#..P......#
#P#.#J#.#.#
#....S@...#
###.###.###
#.PP._..P.#
###.###.###
#..P......#
#P#.#.#.#.#
#......P..#
###.###.###
.#.........#.#


You could see an endoplasm, a ball python and a kobold.

Vanquished Creatures
  An endoplasm (D:1)
  2 hobgoblins (D:1)
  A ball python (D:1)
  A rat (D:1)
5 creatures vanquished.

Notes
Turn   | Place    | Note
-------+----------+-------------------------------------------
     0 | D:1      | adelrune the Coglin Hexslinger began the quest for the Orb.
     0 | D:1      | Reached XP level 1. HP: 15/15 MP: 2/2
    89 | D:1      | Found a faded altar of an unknown god.
   138 | D:1      | Slain by an endoplasm

Illustrated notes

Levels and vault maps discovered:
D:1:      lordsloth_arrival_two_stooges, layout_loops_ring,
          shapermc_ecumenical_altar_mp_urbaneastern, serial_shops,
          nicolae_shop_overgrown_old_shop, minmay_tripent

Skill      XL: |  1 |
---------------+----+-----
Ranged Weapons | 2 |  2.0
Fighting       | |  1.1
Dodging        | |  1.9
Spellcasting   | |  1.0
Hexes          | |  2.7
Fire Magic     | |  0.8

Action                     || total
---------------------------++-------
   Fire: Sling             ||    20
 Armour: Robe              ||    15
  Dodge: Dodged            ||    12

Table legend: (Time is in decaauts)
 A = Elapsed time spent in this place.
 B = Non-inter-level travel time spent in this place.
 C = Inter-level travel time spent in this place.
 D = Time resting spent in this place.
 E = Time spent auto-exploring this place.
 F = Levels seen in this place.
 G = Mean time per level.
                   A        B        C        D        E       F      G
               +--------+--------+--------+--------+--------+-----+--------+
         Total |    144 |    144 |      0 |     18 |     59 |   1 |  144.0 |
       Dungeon |    144 |    144 |      0 |     18 |     59 |   1 |  144.0 |
               +--------+--------+--------+--------+--------+-----+--------+

Top non-repeatable levels by time:
     D:1: 144 daAuts
